 Dungeon Crawl Stone Soup version 0.22-a0-246-gdc04c06 (webtiles) character file.

7 wolfsongas the Covered (level 2, 0/23 HPs)
             Began as a Gnoll Wanderer on Feb 22, 2018.
             Slain by a goblin
             ... wielding a +0 dagger
              (3 damage)
             ... on level 1 of the Dungeon.
             The game lasted 00:00:23 (62 turns).

wolfsongas the Covered (Gnoll Wanderer)               Turns: 62, Time: 00:00:24

Health: 0/23       AC:  6    Str: 15    XL:     2   Next: 0%
Magic:  5/5        EV: 10    Int: 15    God:
Gold:   0          SH:  0    Dex: 12    Spells: 6/6 levels left

rFire    . . .     SeeInvis .   d - +0 club
rCold    . . .     Gourm    .   (no shield)
rNeg     . . .     Faith    .   b - +0 ring mail
rPois    .         Spirit   .   (no helmet)
rElec    .         Reflect  .   (no cloak)
rCorr    .         Harm     .   (no gloves)
MR       .....                  (no boots)
Stlth    +.........             (no amulet)
HPRegen  0.07/turn              (no ring)
MPRegen  0.09/turn              (no ring)

@: no status effects
A: distributed training, fangs 1, strong nose
a: no special abilities


You were on level 1 of the Dungeon.
You were not hungry.

You visited 1 branch of the dungeon, and saw 1 of its levels.

Inventory:

Hand Weapons
 d - a +0 club (weapon)
Armour
 b - a +0 ring mail (worn)
Scrolls
 c - a scroll of teleportation
Comestibles
 a - a ration


   Skills:
 + Level 2.4 Fighting
 + Level 0.2 Short Blades
 + Level 0.2 Long Blades
 + Level 0.2 Axes
 + Level 0.2 Maces & Flails
 + Level 0.2 Polearms
 + Level 0.2 Staves
 + Level 0.2 Slings
 + Level 0.2 Bows
 + Level 4.4 Crossbows
 + Level 2.4 Throwing
 + Level 4.4 Armour
 + Level 0.2 Dodging
 + Level 2.2 Stealth
 + Level 0.2 Shields
 + Level 0.2 Unarmed Combat
 + Level 2.6 Spellcasting
 + Level 0.1 Conjurations
 + Level 0.1 Hexes
 + Level 0.1 Charms
 + Level 0.1 Summonings
 + Level 0.1 Necromancy
 + Level 0.1 Translocations
 + Level 0.1 Transmutations
 + Level 0.1 Fire Magic
 + Level 0.1 Ice Magic
 + Level 2.0 Air Magic
 + Level 0.1 Earth Magic
 + Level 2.0 Poison Magic
 + Level 0.3 Invocations
 + Level 0.2 Evocations


You had 6 spell levels left.
You didn't know any spells.

Dungeon Overview and Level Annotations

Branches:
Dungeon (1/15)

Altars:


Innate Abilities, Weirdness & Mutations

Your experience applies equally to all skills.
You have very sharp teeth.
Your uncanny sense of smell can sniff out nearby items.


Message History

The bat hits you but does no damage. The goblin misses you.
You hit the hobgoblin.
You kill the hobgoblin!
You have reached level 2!
The bat hits you but does no damage. The goblin hits you but does no damage.
Unknown command.
The bat hits you but does no damage. The goblin hits you but does no damage.
Things that are here:
a club; a hobgoblin corpse The bat hits you but does no damage.
The goblin closely misses you. The bat barely misses you.
The goblin barely misses you.
You hit the bat. Your bite misses the bat.
The bat is moderately wounded.
The bat hits you but does no damage. The bat closely misses you.
The goblin hits you but does no damage.
The bat is sucked into a shaft!
The shaft crumbles and collapses.
The goblin barely misses you.
You hit the goblin.
The goblin is moderately wounded.
The goblin hits you with a dagger.
You die...

#.#.#....†.#K.....
#.#.#[####.####.#.
#.#.#.#.<#.##
#.#.#....#.##
#.#.######†##
#.#(.......##
#...######..#
#...######..# ∆
####†@g........#
#.....)......###
#........###.#
#........# #...
########## ##.! ∆


You could see a goblin.

Vanquished Creatures
  A dart slug (D:1)
  2 hobgoblins (D:1)
  A bat (D:1)
  A frilled lizard (D:1)
5 creatures vanquished.

Notes
Turn   | Place    | Note
-------+----------+-------------------------------------------
     0 | D:1      | wolfsongas the Gnoll Wanderer began the quest for the Orb.
     0 | D:1      | wolfsongas set off with: a ration, a +0 ring mail, a scroll of teleportation, a +0 club
     0 | D:1      | Reached XP level 1. HP: 17/17 MP: 4/4
    57 | D:1      | Reached XP level 2. HP: 2/23 MP: 5/5
    62 | D:1      | Slain by a goblin

Vault maps used:
D:1:      zelgadis_glass_arrival_small

Skill      XL: |  1 |
---------------+----+-----
Air Magic      | 2 |  2.0
Poison Magic   | 2 |  2.0
Fighting       | |  2.4
Short Blades   | |  0.2
Long Blades    | |  0.2
Axes           | |  0.2
Maces & Flails | |  0.2
Polearms       | |  0.2
Staves         | |  0.2
Slings         | |  0.2
Bows           | |  0.2
Crossbows      | |  4.4
Throwing       | |  2.4
Armour         | |  4.4
Dodging        | |  0.2
Stealth        | |  2.2
Shields        | |  0.2
Unarmed Combat | |  0.2
Spellcasting   | |  2.6
Conjurations   | |  0.1
Hexes          | |  0.1
Charms         | |  0.1
Summonings     | |  0.1
Necromancy     | |  0.1
Translocations | |  0.1
Transmutations | |  0.1
Fire Magic     | |  0.1
Ice Magic      | |  0.1
Earth Magic    | |  0.1
Invocations    | |  0.3
Evocations     | |  0.2

Action                   || total
-------------------------++-------
Melee: Club              ||    28
       Bite              ||     2
Armor: Ring mail         ||    26
Dodge: Dodged            ||    34

Table legend:
 A = Spawn XP
 B = Non-spawn XP
 C = Spawn XP percentage of total XP
 D = Spawn monster count
 E = Non-spawn monster count
 F = Spawn count percentage of total count
 G = Total turns spent on level
                    A         B        C        D         E        F      G
               +---------+---------+-------+---------+---------+-------+---------
         Total |       0 |      10 |   0.0 |       0 |       5 |   0.0 |    62
               +---------+---------+-------+---------+---------+-------+---------
           D:1 |       0 |      10 |   0.0 |       0 |       5 |   0.0 |    62
               +---------+---------+-------+---------+---------+-------+---------
